 Dungeon Sprint DCSS version 0.23.1 (webtiles) character file.

Game seed: 6438464869996348260

3917 Fang the Fighter (level 10, -8/108 HPs)
             Began as a Gargoyle Berserker on Mar 17, 2019.
             Was the Champion of Trog.
             Mangled by a shadow wraith (14 damage)
             ... in the Dungeon (Sprint VII: "The Pits").
             The game lasted 00:03:38 (1988 turns).

Fang the Fighter (Gargoyle Berserker)               Turns: 1988, Time: 00:03:39

Health: -8/108     AC: 25    Str: 31    XL:     10   Next: 20%
Magic:  3/3        EV: 13    Int: 12    God:    Trog [******]
Gold:   0          SH:  0    Dex:  9    Spells: 9/9 levels left

rFire    . . .     SeeInvis .   n - +7 battleaxe (antimagic)
rCold    . . .     Gourm    .   (shield currently unavailable)
rNeg     + . .     Faith    .   u - +4 chain mail
rPois    ∞         Spirit   .   t - +0 helmet
rElec    +         Reflect  .   (no cloak)
rCorr    .         Harm     .   (no gloves)
MR       .....     NoTele   +   (no boots)
Stlth    ..........             (no amulet)
HPRegen  0.28/turn              m - +3 ring of strength
MPRegen  0.08/turn              q - +3 ring of intelligence

@: berserking (expiring), slowed
A: negative energy resistance 1, electricity resistance, unbreathing,
petrification resistance, rot immunity, AC +7
a: Berserk, Trog's Hand, Brothers in Arms, Renounce Religion


You were in the Dungeon.
You worshipped Trog.
Trog was exalted by your worship.
You were hungry.

You visited 1 branch

Inventory:

Hand Weapons
 j - a +2 hand axe of venom
 n - a +7 antimagic battleaxe (weapon)
 s - a +1 broad axe of chopping
Armour
 t - a +0 helmet (worn)
 u - a +4 chain mail (worn)
Jewellery
 m - a +3 ring of strength (left hand)
 q - a +3 ring of intelligence (right hand)
Scrolls
 i - a scroll of blinking
 k - 3 scrolls of remove curse
 l - a scroll of summoning
Potions
 a - 2 potions of invisibility
 d - 6 potions of curing
 e - 7 potions of heal wounds
 f - 2 potions of haste
 g - 4 potions of magic
 h - 5 potions of berserk rage
 p - 2 potions of might
 r - 2 potions of brilliance
Comestibles
 c - 9 rations


   Skills:
 + Level 12.9 Fighting
 + Level 11.1 Axes
 + Level 12.7 Armour
 + Level 10.1 Dodging


You had 9 spell levels left.
You didn't know any spells.
Your spell library was empty.

Dungeon Overview and Level Annotations

Branches:
Dungeon (1/1)

Altars:


Innate Abilities, Weirdness & Mutations

You are resistant to torment.
Your stone body is resilient. (AC +7)
You are immune to poison.
You resist negative energy. (rN+)
You are resistant to electric shocks. (rElec)
You can survive without breathing.
You are immune to petrification.
You are immune to rotting.


Message History

The merfolk hits you but does no damage. x2
Something hits you.
* * * LOW HITPOINT WARNING * * *
The merfolk hits you with a +0 trident!
* * * LOW HITPOINT WARNING * * *
Things that are here:
a +0 rapier of speed; a +0 robe; a merfolk corpse You slash the merfolk!
The merfolk is moderately wounded.
You slice the merfolk!! You hit something.
The merfolk hits you but does no damage.
Something hits you but does no damage. The merfolk closely misses you.
You closely miss the merfolk.
The merfolk is lightly wounded.
You barely miss the merfolk. You closely miss something.
Something hits you but does no damage. The merfolk hits you with a +0 trident!
* * * LOW HITPOINT WARNING * * *
The merfolk hits you but does no damage.
Something hits you!
You die...

###'#####''######
.......##''#####
.......##......#
.......##......#
...<...###....## ###
.......# ##''## ##..+
.......###....###....#
.......##......#....#
#########......'@m..+
#########......#.m..#
..#..[.###....###....#
..#...[# ##''## ##..+
..'..))###..).## ###
..#!.).##......#
..#..))##......#
################


You could see 2 merfolk.

Vanquished Creatures
  A merfolk aquamancer (D)
  A smoke demon (D)
  A molten gargoyle (D)
  A rime drake (D)
  An efreet (D)
  2 trolls (D)
  A shadow (D)
  2 water elementals (D)
  A ynoxinul (D)
  4 yaks (D)
  A porcupine (D)
  A necrophage (D)
  A wolf (D)
  A scorpion (D)
  A quasit (D)
  A crimson imp (D)
  An orc priest (D)
  An orc wizard (D)
  An iguana (D)
  An adder (D)
  A river rat (D)
  An ufetubus (D)
  An adder zombie (D)
  2 leopard geckos (D)
  2 orcs (D)
  A bat zombie (D)
  A giant cockroach (D)
  A goblin (D)
  A ball python zombie (D)
  A rat (D)
37 creatures vanquished.

Notes
Turn   | Place    | Note
-------+----------+-------------------------------------------
     0 | D        | Fang the Gargoyle Berserker began the quest for the Orb.
     0 | D        | Reached XP level 1. HP: 14/14 MP: 1/1
   143 | D        | Reached ** piety under Trog
   143 | D        | Reached XP level 2. HP: 13/20 MP: 2/2
   363 | D        | Noticed a wolf
   365 | D        | Reached *** piety under Trog
   365 | D        | Reached XP level 3. HP: 24/24 MP: 3/3
   370 | D        | Killed a wolf
   370 | D        | Reached skill level 5 in Fighting
   370 | D        | Reached skill level 5 in Armour
   370 | D        | Reached XP level 4. HP: 25/32 MP: 4/4
   599 | D        | Noticed a necrophage
   600 | D        | Noticed a porcupine
   605 | D        | Killed a necrophage
   605 | D        | Reached skill level 5 in Axes
   605 | D        | Reached XP level 5. HP: 38/38 MP: 5/5
   607 | D        | Reached **** piety under Trog
   610 | D        | Reached skill level 5 in Dodging
   610 | D        | Reached XP level 6. HP: 44/44 MP: 6/6
   612 | D        | Killed a porcupine
   621 | D        | Received a gift from Trog
   668 | D        | Noticed a troll
   675 | D        | Killed a troll
   675 | D        | Reached ***** piety under Trog
   675 | D        | Reached XP level 7. HP: 30/51 MP: 7/7
   951 | D        | Received a gift from Trog
  1118 | D        | Noticed an efreet
  1118 | D        | Noticed a smoke demon
  1128 | D        | Killed an efreet
  1128 | D        | Reached skill level 10 in Fighting
  1128 | D        | Reached XP level 8. HP: 44/57 MP: 8/8
  1133 | D        | Killed a smoke demon
  1133 | D        | Reached skill level 10 in Armour
  1427 | D        | Noticed a yak
  1427 | D        | Noticed a yak
  1427 | D        | Noticed a yak
  1427 | D        | Noticed a yak
  1427 | D        | Noticed a ynoxinul
  1435 | D        | Killed a yak
  1442 | D        | Killed a yak
  1445 | D        | Killed a yak
  1445 | D        | Reached XP level 9. HP: 49/64 MP: 9/9
  1623 | D        | Noticed a molten gargoyle
  1623 | D        | Noticed a rime drake
  1631 | D        | Killed a rime drake
  1631 | D        | Reached skill level 10 in Axes
  1634 | D        | Reached ****** piety under Trog
  1638 | D        | Killed a molten gargoyle
  1638 | D        | Received a gift from Trog
  1974 | D        | Noticed a troll
  1974 | D        | Noticed a merfolk aquamancer
  1974 | D        | Noticed a merfolk
  1974 | D        | Noticed a merfolk
  1983 | D        | Killed a merfolk aquamancer
  1983 | D        | Reached skill level 10 in Dodging
  1983 | D        | Reached XP level 10. HP: 44/72 MP: 3/10
  1988 | D        | Mangled by a shadow wraith

Skill      XL: |  1  2  3  4  5  6  7  8  9 |
---------------+----------------------------+-----
Fighting       | 4 5 7 9 10 11 12 | 12.9
Axes           | 3 4 5 6 7 8 9 11 | 11.1
Armour         | 3 5 6 9 10 12 | 12.7
Dodging        | 2 4 5 6 7 8 10 | 10.1

Action                   |  1- 3 |  4- 6 |  7- 9 | 10-12 || total
-------------------------+-------+-------+-------+-------++-------
Melee: Hand axe          |    23 |    25 |    69 |       ||   117
       Battleaxe         |       |       |     7 |     4 ||    11
Invok: Berserk           |       |     2 |     4 |       ||     6
  Use: Potion            |       |       |     1 |       ||     1
  Eat: Chunk             |       |       |     8 |       ||     8
Armor: Animal skin       |    15 |       |       |       ||    15
       Scale mail        |       |     9 |    14 |       ||    23
       Chain mail        |       |       |    30 |    13 ||    43
Dodge: Dodged            |    21 |    27 |    55 |     2 ||   105
